 Dungeon Crawl Stone Soup version 0.22.0-6-g71bd7aa6b3 (webtiles) character file.

280 CrazyKiwi the Grasshopper (level 6, -3/33 HPs)
             Began as a Spriggan Warper on Aug 15, 2018.
             Slain by an orc wizard
             ... wielding a +0 dagger
              (7 damage)
             ... on level 3 of the Dungeon.
             The game lasted 00:16:18 (3540 turns).

CrazyKiwi the Grasshopper (Spriggan Warper)         Turns: 3540, Time: 00:16:19

Health: -3/33      AC:  2    Str:  7    XL:     6   Next: 5%
Magic:  12/12      EV: 20    Int: 14    God:
Gold:   162        SH:  0    Dex: 18    Spells: 6/13 levels left

rFire    . . .     SeeInvis +   a - +1 short sword (flame)
rCold    . . .     Gourm    .   (shield restricted)
rNeg     . . .     Faith    .   b - +0 robe
rPois    .         Spirit   .   (helmet restricted)
rElec    .         Reflect  .   (no cloak)
rCorr    .         Harm     .   (gloves unavailable)
MR       ++...                  (boots unavailable)
Stlth    ++........             (no amulet)
HPRegen  0.11/turn              (no ring)
MPRegen  0.13/turn              (no ring)

@: lethally poisoned (-3 -> -10), very quick
A: very small, unfitting armour, talons 1, see invisible, herbivore, speed 3,
low mp 1, magic resistance 1, robust 1, slow metabolism 2
a: no special abilities


You were on level 3 of the Dungeon.
You were hungry.

You visited 1 branch of the dungeon, and saw 4 of its levels.

You collected 162 gold pieces.

Inventory:

Hand Weapons
 a - a +1 short sword of flaming (weapon)
Missiles
 e - 5 tomahawks of dispersal
 h - 35 sling bullets
 i - 50 stones (quivered)
 j - 66 arrows
 s - 3 javelins
Armour
 b - a +0 robe (worn)
 t - a +1 cloak
Magical Staves
 v - an uncursed staff of wizardry {unknown}
Jewellery
 g - an uncursed ring of ice {unknown}
 k - a +3 ring of strength {unknown}
 l - an uncursed amulet of rage {unknown}
Wands
 u - a wand of enslavement (15)
Scrolls
 c - 2 scrolls of remove curse {unknown}
 d - a scroll of blinking
 m - 2 scrolls of teleportation {unknown}
 n - 3 scrolls of enchant armour {unknown}
 o - a scroll of identify {unknown}
 q - a scroll of enchant weapon {unknown}
 r - a scroll of fog {unknown}
Comestibles
 f - 3 rations


   Skills:
 + Level 2.1 Fighting
 + Level 3.9 Short Blades
 + Level 1.9 Throwing
 + Level 4.9 Dodging
 + Level 1.1 Stealth
 + Level 4.1 Spellcasting
 + Level 2.1 Charms
 + Level 5.3 Translocations


You had 6 spell levels left.
You knew the following spells:

 Your Spells              Type           Power        Failure   Level  Hunger
a - Gell's Gravitas       Tloc           ###.......   6%          3    ###....
A - Shroud of Golubria    Chrm/Tloc      ##........   6%          2    ##.....
B - Blink                 Tloc           N/A          3%          2    ##.....

Your spell library contained the following spells:

 Spells                   Type           Power        Failure   Level  Hunger
 Teleport Other           Tloc           ###.....     6%          3    ###....
 Passage of Golubria      Tloc           N/A          22%         4    ####...
 Lesser Beckoning         Tloc           ###.......   6%          3    ###....


Dungeon Overview and Level Annotations

Branches:
Dungeon (4/15)
 Temple: D:4-7

Altars:

Shops:
D:4 =

Annotations:
D:3 Sigmund, Terence


Innate Abilities, Weirdness & Mutations

You are very small and have problems with some larger weapons.
You are too small for most types of armour.
You have supernaturally acute eyesight. (SInv)
You are a herbivore.
You cover ground extremely quickly.
You need to consume almost no food.
You have sharp toenails.
Your magical capacity is low. (-10% MP)
You are resistant to hostile enchantments. (MR+)
You are robust. (+10% HP)


Message History

The scorpion is severely wounded.
The orc wizard hits you but does no damage.
The scorpion misses you.
You're too confused to move!
You feel less confused. The orc wizard barely misses you.
The scorpion stings you.
You are poisoned.
The scorpion poisons you!
You hit the scorpion but do no damage.
The scorpion is severely wounded.
You feel sick. The orc wizard hits you with a dagger.
The scorpion completely misses you.
You hit the scorpion but do no damage. You claw the scorpion.
The scorpion is severely wounded.
You feel sick. The orc wizard hits you with a dagger. The scorpion stings you!
* * * LOW HITPOINT WARNING * * *
You barely miss the scorpion.
The scorpion is severely wounded.
The orc wizard hits you with a dagger!
You die...

...# #.##..# #.#
#.#... #..# #.##..#
#.# #.####.##
#..###)##..## #.#
#........
#..##........#
##.##########.##
#......##..#.#
#.......... #S##
#..###.##..#.
#..#######. #.##
#.....#.. # #..# #.##
.##.####.##.##.###..##
#.##
............##..@....#
#.##.##
.##..###........os...#
#...... #..#
###########.#.#
####... ###..# #.....#
#.#.# ##### .....#
#.....#####.#.# #....
.###.# #...........#.#
##.##. .# #.#
#.....#######.# #.....
.###.# #.....#
##.#######..... .....#
###.###
#^........>....


You could see a scorpion and an orc wizard (invisible).

Vanquished Creatures
  A bullfrog skeleton (D:4)
  Ijyb (D:2)
  2 worker ants (D:4)
  7 gnolls
  2 howler monkey skeletons (D:4)
  5 adders
  A dart slug (D:3)
  4 leopard geckos
  8 bats
  A giant cockroach (D:4)
  4 goblins
  A hobgoblin (D:3)
  2 quokkas (D:2)
  3 frilled lizards
  3 kobolds
  9 rats
54 creatures vanquished.

Notes
Turn   | Place    | Note
-------+----------+-------------------------------------------
     0 | D:1      | CrazyKiwi the Spriggan Warper began the quest for the Orb.
     0 | D:1      | Reached XP level 1. HP: 10/10 MP: 5/5
   161 | D:1      | Reached XP level 2. HP: 10/14 MP: 7/7
   192 | D:1      | Learned a level 2 spell: Shroud of Golubria
   492 | D:1      | Learned a level 2 spell: Blink
   852 | D:2      | Reached XP level 3. HP: 15/18 MP: 6/8
  1350 | D:3      | Noticed Sigmund
  1409 | D:3      | Noticed Terence
  2005 | D:3      | Noticed Ijyb
  2145 | D:2      | Killed Ijyb
  2145 | D:2      | Reached XP level 4. HP: 11/23 MP: 7/10
  2512 | D:3      | Learned a level 3 spell: Gell's Gravitas
  2659 | D:3      | Reached skill level 1 in Charms
  2958 | D:4      | Reached XP level 5. HP: 23/26 MP: 8/12
  3085 | D:4      | Reached skill level 1 in Stealth
  3088 | D:4      | Gained mutation: You are resistant to hostile enchantments. (MR+) [potion of mutation]
  3088 | D:4      | Gained mutation: You have sharp toenails. [potion of mutation]
  3088 | D:4      | Gained mutation: Your magical capacity is low. (-10% MP) [potion of mutation]
  3088 | D:4      | Gained mutation: You are robust. (+10% HP) [potion of mutation]
  3422 | D:4      | Found Siahymov's Jewellery Shoppe.
  3461 | D:4      | Reached skill level 5 in Translocations
  3461 | D:4      | Reached XP level 6. HP: 31/33 MP: 9/12
  3540 | D:3      | Slain by an orc wizard

Skill      XL: |  1  2  3  4  5 |
---------------+----------------+-----
Spellcasting   | 3 4 |  4.1
Dodging        | 4 |  4.9
Short Blades   | 3 |  3.9
Charms         | 1 2 |  2.1
Stealth        | 1 |  1.1
Fighting       | 2 |  2.1
Translocations | 5 |  5.3
Throwing       | |  1.9

Action                   |  1- 3 |  4- 6 || total
-------------------------+-------+-------++-------
Melee: Short sword       |   193 |   136 ||   329
       Mace              |    20 |       ||    20
       Unarmed           |     1 |       ||     1
       Kick              |       |    11 ||    11
Throw: Stone             |    15 |    57 ||    72
 Cast: Shroud of Golubri |    13 |    15 ||    28
       Blink             |     1 |       ||     1
       Gell's Gravitas   |       |     1 ||     1
  Use: Potion            |       |     2 ||     2
 Stab: Sleeping          |     2 |     1 ||     3
  Eat: Ration            |       |     1 ||     1
Armor: Robe              |    16 |     4 ||    20
       Skin              |    10 |       ||    10
Dodge: Dodged            |   178 |    97 ||   275
